 Dungeon Crawl Stone Soup version 0.27-a0-1196-g3e9cee4cb2 (webtiles) character file.

Game seed: 10315057812289462442

1163 robertstho the Magician (level 8, 0/56 HPs)
             Began as a Djinni Fire Elementalist on May 27, 2021.
             Slain by an orc wizard
             ... wielding a +0 dagger
              (3 damage)
             ... on level 6 of the Dungeon.
             The game lasted 00:07:08 (7074 turns).

robertstho the Magician (Djinni Fire Elementalist)  Turns: 7074, Time: 00:07:09

Health: 0/56       AC:  3    Str:  7    XL:     8   Next: 67%
Gold:   303        EV: 12    Int: 19    God:
                   SH:  0    Dex: 14

rFire    + + +     SeeInvis .   k - +2 dagger (venom)
rCold    x . .     Faith    .   (no shield)
rNeg     . . .     Spirit   .   a - +0 robe
rPois    ∞         Reflect  .   (no helmet)
rElec    .         Harm     .   (no cloak)
rCorr    .         Rampage  .   f - +0 pair of gloves
Will     +....                  (boots unavailable)
Stlth    ++........             (no amulet)
HPRegen  0.18/turn              c - ring of protection from fire
MPRegen  0.00/turn              h - ring of willpower

@: flying
A: sickness immunity, fire resistance 2, cold vulnerability 1, float, innate
caster, hp casting, extra vitality 1
a: no special abilities


You were on level 6 of the Dungeon.
You visited 1 branch of the dungeon, and saw 6 of its levels.

You collected 303 gold pieces.

Inventory:

Hand Weapons
 g - a +2 dagger of speed
 k - a +2 dagger of venom (weapon)
Missiles
 w - a curare-tipped dart
Armour
 a - a +0 robe (worn)
 f - a +0 pair of gloves (worn)
Jewellery
 c - a ring of protection from fire (left hand)
 h - a ring of willpower (right hand)
Wands
 x - a wand of iceblast (4)
 y - a wand of digging (2)
Scrolls
 b - 2 scrolls of identify
 e - a scroll of magic mapping
 m - a scroll of noise {unknown}
 p - a scroll of fear {unknown}
 r - 2 scrolls of teleportation {unknown}
 u - a scroll of torment {unknown}
 v - a scroll of enchant armour {unknown}
Potions
 d - a potion of heal wounds {unknown}
 i - 2 potions of lignification {unknown}
 j - 3 potions of might {unknown}
 l - a potion of ambrosia {unknown}
 n - a potion of berserk rage {unknown}
 o - a potion of invisibility
 q - 2 potions of haste {unknown}
 s - a potion of cancellation {unknown}
 t - a potion of flight {unknown}


   Skills:
 * Level 3.4 Fighting
 + Level 0.2 Short Blades
 + Level 2.8 Dodging
 + Level 2.7 Stealth
 * Level 6.9 Spellcasting


You couldn't memorise any spells.
You knew the following spells:

 Your Spells              Type           Power      Damage    Failure   Level
a - Foxfire               Conj/Fire      100%       2x1d9     1%          1
b - Conjure Flame         Conj/Fire      32%        6-21      1%          3
c - Inner Flame           Hex/Fire       32%        N/A       1%          3
d - Sticky Flame          Conj/Fire      32%        2d5       6%          4
e - Fireball              Conj/Fire      16%        3d8       16%         5
f - Summon Small Mammal   Summ           100%       N/A       1%          1
g - Corpse Rot            Necr/Air       N/A        N/A       1%          2
h - Call Canine Familiar  Summ           32%        N/A       1%          3
Your spell library was empty.

Dungeon Overview and Level Annotations

Branches:
Dungeon (6/15)
 Temple: D:4-7

Altars:
Okawaru
Ru
Uskayaw
Xom

Annotations:
D:4 2 transporters, Zeld's ghost, amateur MiBe


Innate Abilities, Weirdness & Mutations

You are immune to sickness and miasma.
You are immune to poison.
Your flesh is very heat resistant. (rF++)
You are vulnerable to cold. (rC-)
You float through the air rather than walking.
You learn spells naturally, not from books.
Your magical power is your life essence.
You have superior vitality. (+4 HP)


Message History

The orc is heavily wounded.
The foxfire hits the orc warrior but does no damage.
Casting: Foxfire (safe; 1% risk of failure)
Press: ? - help, Q - select action, (/) - cycle Dir - look around, f - activate You conjure some foxfire!
The foxfire hits the orc warrior.
The orc warrior is lightly wounded.
The orc hits you with a +0 dagger.
Casting: Foxfire (safe; 1% risk of failure)
Press: ? - help, Q - select action, (/) - cycle Dir - look around, f - activate You conjure some foxfire!
The foxfire hits the orc warrior but does no damage.
The orc warrior is lightly wounded.
The foxfire hits the orc warrior.
The orc warrior is moderately wounded.
The foxfire hits the orc warrior.
The orc warrior is heavily wounded.
The orc misses you.
Casting: Foxfire (safe; 1% risk of failure)
Press: ? - help, Q - select action, (/) - cycle Dir - look around, f - activate You conjure some foxfire!
The foxfire hits the orc warrior.
The orc warrior is heavily wounded.
The foxfire hits the orc warrior.
The orc warrior is severely wounded.
The orc barely misses you. The orc warrior barely misses you.
Something hits you.
Deactivating autopickup; reactivate with Ctrl-A.
Casting: Foxfire (safe; 1% risk of failure)
Press: ? - help, Q - select action, (/) - cycle Dir - look around, f - activate You conjure some foxfire!
The foxfire hits the orc warrior.
The orc warrior is almost dead.
The foxfire hits the orc warrior but does no damage.
The orc warrior is almost dead.
The orc closely misses you.
The orc warrior hits you with a +0 scimitar!!
* * * LOW HITPOINT WARNING * * *
Something hits you.
You die...

.)))...........
..).).......... .##
...............##..
.)....)........#...
..................
.....).......>.#.##
....(..........#..## . .
...............vo..#..P.
..............§.@....P≈P
...............v#o)...≈P
................§.)⌠.)..
####++####.###.#........
#≈≈≈..≈§§#.###......))..
#≈.....§≈#..........#...
#≈.≈≈≈≈.§#[..........#..
'..≈≈≈≈§.'...........##.
'..§≈≈≈..'............


You could see an orc warrior (ally target) and an orc.

Vanquished Creatures
  2 ice beasts (D:6)
  2 ogres
  2 phantoms (D:4)
  A kobold brigand (D:6)
  2 scorpions (D:6)
  A bullfrog zombie (D:5)
  3 hounds
  3 orc priests (D:6)
  A bullfrog skeleton (D:4)
  3 orc wizards (D:6)
  A hound zombie (D:5)
  2 adders
  4 gnolls (D:5)
  An ufetubus (D:5)
  2 adder skeletons
  9 orcs
  5 ball pythons
  3 endoplasms
  2 giant cockroaches
  5 goblins
  7 hobgoblins
  6 jackals
  4 quokkas
  3 bats
  3 frilled lizards
  10 kobolds
  2 rats
89 creatures vanquished.

Vanquished Creatures (others)
  458 foxfires
458 creatures vanquished.

Grand Total: 547 creatures vanquished

Notes
Turn   | Place    | Note
-------+----------+-------------------------------------------
     0 | D:1      | robertstho the Djinni Fire Elementalist began the quest for
                  | the Orb.
     0 | D:1      | Reached XP level 1. HP: 15/15 MP: 0/0
   313 | D:1      | Reached XP level 2. HP: 19/21 MP: 0/0
   481 | D:1      | Found an iron altar of Okawaru.
  1210 | D:1      | Reached skill level 3 in Spellcasting
  1449 | D:2      | Found a faded altar of an unknown god.
  1478 | D:2      | Reached XP level 3. HP: 22/25 MP: 0/0
  1478 | D:2      | Learned a level 1 spell: Summon Small Mammal
  3295 | D:4      | HP: 1/26 [bullfrog skeleton (1)]
  3618 | D:4      | Noticed a phantom
  3894 | D:4      | Reached XP level 4. HP: 21/31 MP: 0/0
  4259 | D:4      | Noticed a phantom
  4267 | D:4      | Killed a phantom
  4268 | D:4      | Reached skill level 1 in Fighting
  4268 | D:4      | Reached skill level 4 in Spellcasting
  4268 | D:4      | Reached XP level 5. HP: 33/37 MP: 0/0
  4268 | D:4      | Learned a level 2 spell: Corpse Rot
  4328 | D:4      | Killed a phantom
  4329 | D:4      | Reached XP level 6. HP: 26/42 MP: 0/0
  4501 | D:4      | Noticed Zeld's ghost (amateur MiBe)
  4554 | D:4      | Found a transporter.
  4557 | D:4      | Found a transporter.
  5348 | D:5      | Entered Level 5 of the Dungeon
  5451 | D:5      | Found a sacrificial altar of Ru.
  5451 | D:5      | Noticed an ogre
  5461 | D:5      | Killed an ogre
  5462 | D:5      | Reached skill level 5 in Spellcasting
  5462 | D:5      | Reached XP level 7. HP: 41/48 MP: 0/0
  5462 | D:5      | Learned a level 3 spell: Call Canine Familiar
  5907 | D:5      | Found a shimmering altar of Xom.
  6536 | D:6      | Reached skill level 6 in Spellcasting
  6545 | D:6      | Reached XP level 8. HP: 25/55 MP: 0/0
  6757 | D:6      | Found a hide-covered altar of Uskayaw.
  7074 | D:6      | Slain by an orc wizard

Illustrated notes

Levels and vault maps discovered:
D:1:      dpeg_arrival_lava_altar, layout_loops_ring
D:2:      layout_basic, shapermc_ecumenical_altar_venn
D:3:      layout_rooms
D:4:      layout_loops_corners, gammafunk_ghost_arena, grunt_decor_clamped,
          roderic_serpentine_path, minmay_splitting_lines
D:5:      layout_basic, overflow_temple_1_default, nicolae_ru_awakened_eye
D:6:      layout_rooms, okawaru_ov_weapons_minmay, tso_oasis_becter,
          lemuel_doored_altar, kennysheep_generic_room_6

Skill      XL: |  1  2  3  4  5  6  7  8 |
---------------+-------------------------+-----
Spellcasting   | 3 4 5 6 |  6.9
Fighting       | 1 2 3 |  3.4
Stealth        | 2 |  2.7
Short Blades   | |  0.2
Dodging        | |  2.8

Action                   |  1- 3 |  4- 6 |  7- 9 || total
-------------------------+-------+-------+-------++-------
Melee: Dagger            |       |    13 |       ||    13
 Cast: Foxfire           |   109 |    39 |   131 ||   279
       Sticky Flame      |       |     2 |     1 ||     3
  Use: Scroll            |     2 |       |       ||     2
       Potion            |     1 |       |       ||     1
 Stab: Sleeping          |       |     1 |       ||     1
Armor: Robe              |     2 |     4 |     1 ||     7
Dodge: Dodged            |    19 |    17 |    17 ||    53

Table legend: (Time is in decaauts)
 A = Elapsed time spent in this place.
 B = Non-inter-level travel time spent in this place.
 C = Inter-level travel time spent in this place.
 D = Time resting spent in this place.
 E = Time spent auto-exploring this place.
 F = Levels seen in this place.
 G = Mean time per level.
                   A        B        C        D        E       F      G
               +--------+--------+--------+--------+--------+-----+--------+
         Total |   7072 |   6760 |    312 |    521 |   5625 |   6 | 1178.7 |
       Dungeon |   7072 |   6760 |    312 |    521 |   5625 |   6 | 1178.7 |
               +--------+--------+--------+--------+--------+-----+--------+

Top non-repeatable levels by time:
     D:4: 1505 daAuts
     D:3: 1329 daAuts
     D:1: 1276 daAuts
     D:2: 1236 daAuts
     D:5: 1101 daAuts
     D:6: 622 daAuts
